 Dungeon Crawl Stone Soup version 0.27.0-1-g7a089689b8 (webtiles) character file.

Game seed: 121880787423909174

16 freelancePsychic the Ducker (level 2, 0/21 HPs)
             Began as a Merfolk Necromancer on Aug 7, 2021.
             Slain by a hobgoblin (1 damage)
             ... on level 1 of the Dungeon.
             The game lasted 00:01:58 (1045 turns).

freelancePsychic the Ducker (Merfolk Necromancer)   Turns: 1045, Time: 00:01:59

Health: 0/21       AC:  3    Str:  8    XL:     2   Next: 54%
Magic:  5/5        EV: 13    Int: 14    God:
Gold:   37         SH:  0    Dex: 14    Spells: 4/5 levels left

rFire    . . .     SeeInvis .   c - +0 club
rCold    . . .     Faith    .   (no shield)
rNeg     . . .     Spirit   .   a - +1 robe
rPois    .         Reflect  .   (no helmet)
rElec    .         Harm     .   (no cloak)
rCorr    .         Rampage  .   (no gloves)
Will     .....                  (no boots)
Stlth    ++........             (no amulet)
HPRegen  0.07/turn              (no ring)
MPRegen  0.09/turn              (no ring)

@: no status effects
A: (nimble swimmer 2), mertail
a: no special abilities


You were on level 1 of the Dungeon.
You visited 1 branch of the dungeon, and saw 1 of its levels.

You collected 37 gold pieces.

Inventory:

Hand Weapons
 c - a +0 club (weapon)
Armour
 a - a +1 robe (worn)
Scrolls
 b - a scroll of enchant weapon {unknown}
 d - a scroll of identify {unknown}


   Skills:
 + Level 1.4 Fighting
 + Level 3.5 Dodging
 - Level 2.1 Stealth
 - Level 2.0 Spellcasting
 - Level 3.2 Necromancy
 + Level 0.1 Transmutations


You had 4 spell levels left.
You knew the following spells:

 Your Spells              Type           Power      Damage    Failure   Level
a - Pain                  Necr           40%        1d6       6%          1

Your spell library contained the following spells:

 Spells                   Type           Power      Damage    Failure   Level
 Animate Skeleton         Necr           20%        N/A       6%          1
 Vampiric Draining        Necr           5%         2d6       19%         3
 Animate Dead             Necr           5%         N/A       52%         4
 Leda's Liquefaction      Hex/Erth       0%         N/A       93%         4
 Agony                    Necr           10%        N/A       86%         5
 Bolt of Magma            Conj/Fire/Erth 0%         4d4       100%        5
 Statue Form              Tmut/Erth      0%         N/A       100%        6


Dungeon Overview and Level Annotations

Branches:
Dungeon (1/15)

Altars:


Innate Abilities, Weirdness & Mutations

((You are quick and stealthy near water. (Stealth+, EV+, Speed+++)))
Your lower body shifts to a powerful aquatic tail in water.


Message History

Things that are here:
a +0 whip; a kobold corpse You closely miss the hobgoblin.
The hobgoblin is moderately wounded.
The hobgoblin barely misses you.
You hit the hobgoblin but do no damage.
The hobgoblin is moderately wounded.
The hobgoblin closely misses you. x2
You closely miss the hobgoblin.
The hobgoblin is moderately wounded.
The hobgoblin barely misses you.
You closely miss the hobgoblin.
The hobgoblin is moderately wounded.
The hobgoblin hits you.
* * * LOW HITPOINT WARNING * * *
You hit the hobgoblin but do no damage.
The hobgoblin is moderately wounded.
The hobgoblin barely misses you. The hobgoblin closely misses you.
You hit the hobgoblin.
The hobgoblin is severely wounded.
The hobgoblin misses you.
You hit the hobgoblin but do no damage.
The hobgoblin is severely wounded.
The hobgoblin closely misses you.
You barely miss the hobgoblin.
The hobgoblin is severely wounded.
The hobgoblin completely misses you. The hobgoblin misses you.
You closely miss the hobgoblin.
The hobgoblin is severely wounded.
The hobgoblin closely misses you.
You hit the hobgoblin.
The hobgoblin is almost dead.
The hobgoblin hits you.
* * * LOW HITPOINT WARNING * * *
You hit the hobgoblin but do no damage.
The hobgoblin is almost dead.
The hobgoblin hits you.
* * * LOW HITPOINT WARNING * * *
The hobgoblin hits you.
You die...

############## #............#
#............# #............#
#............#
#............#################
#............@g.............).
#.......................######
#............#..........#
#............#..[.......#
#............#..........#
########'#####..........####
###>).................#
#...############.####.# #...#
#.####..##


You could see a hobgoblin.

Vanquished Creatures
  2 endoplasms (D:1)
  2 giant cockroaches (D:1)
  A goblin (D:1)
  A hobgoblin (D:1)
  4 kobolds (D:1)
  A quokka (D:1)
  A ball python (D:1)
  2 frilled lizards (D:1)
  A rat (D:1)
15 creatures vanquished.

Notes
Turn   | Place    | Note
-------+----------+-------------------------------------------
     0 | D:1      | freelancePsychic the Merfolk Necromancer began the quest
                  | for the Orb.
     0 | D:1      | Reached XP level 1. HP: 13/13 MP: 3/3
   354 | D:1      | Reached skill level 1 in Fighting
   354 | D:1      | Reached XP level 2. HP: 21/21 MP: 3/5
   524 | D:1      | Found a faded altar of an unknown god.
  1044 | D:1      | HP: 1/21 [hobgoblin (4)]
  1045 | D:1      | Slain by a hobgoblin

Illustrated notes

Levels and vault maps discovered:
D:1:      dpeg_arrival_ratfight, layout_basic, basic_ecumenical_altar

Skill      XL: |  1 |
---------------+----+-----
Dodging        | 3 |  3.5
Fighting       | 1 |  1.4
Stealth        | |  2.1
Spellcasting   | |  2.0
Necromancy     | |  3.2
Transmutations | |  0.1

Action                   || total
-------------------------++-------
Melee: Club              ||    49
       Unarmed           ||     4
 Cast: Pain              ||    17
  Use: Scroll            ||     1
 Stab: Sleeping          ||     1
Armor: Robe              ||    13
Dodge: Dodged            ||    39
